 Dungeon Crawl Stone Soup version 0.22.1-5-g62c59d9 (webtiles) character file.

252209 sanboga the Executioner (level 20, 0/123 HPs)
             Began as a Gargoyle Berserker on Jan 8, 2019.
             Was the Champion of Trog.
             Slain by a faun
             ... wielding a +0 spear of piercing
              (6 damage)
             ... on level 4 of the Shoals on Jan 9, 2019.
             The game lasted 00:54:51 (31637 turns).

sanboga the Executioner (Gargoyle Berserker)       Turns: 31637, Time: 00:54:52

Health: 0/123      AC: 53    Str: 27    XL:     20   Next: 12%
Magic:  20/20      EV:  9    Int: 11    God:    Trog [******]
Gold:   2545       SH:  5    Dex:  9    Spells: 19/19 levels left

rFire    . . .     SeeInvis +   x - +9 executioner's axe (flame)
rCold    . . .     Gourm    .   (shield currently unavailable)
rNeg     + . .     Faith    .   L - +5 plate armour {ponderous}
rPois    ∞         Spirit   .   n - +3 crown of Dyrovepreva {rElec Int+2 SInv}
rElec    +         Reflect  +   y - +2 cloak
rCorr    .         Harm     .   H - +2 pair of gloves
MR       +....     Clarity  +   (no boots)
Stlth    ..........             f - +5 amulet of reflection
HPRegen  0.30/turn              b - +6 ring of slaying
MPRegen  0.17/turn              z - +4 ring of protection

@: flying, glowing, slow
A: antennae 1, big wings, clarity, frail 1, negative energy resistance 1,
screaming 1, electricity resistance, weak 1, unbreathing, petrification
resistance, rot immunity, AC +15
}: 1/15 runes: serpentine
a: Stop Flying, Berserk, Trog's Hand, Brothers in Arms, Renounce Religion


You were on level 4 of the Shoals.
You worshipped Trog.
Trog was exalted by your worship.
You were very hungry.

You visited 5 branches of the dungeon, and saw 31 of its levels.
You visited the Abyss 2 times.
You also visited: Labyrinth and Ossuary.

You collected 3171 gold pieces.
You spent 626 gold pieces at shops.

Inventory:

Hand Weapons
 v - a +4 antimagic executioner's axe
 x - a +9 executioner's axe of flaming (weapon)
Armour
 n - the +3 crown of Dyrovepreva (worn) {rElec Int+2 SInv}
   (You found it in a labyrinth)

   It affects your intelligence (+2).
   It insulates you from electricity.
   It lets you see invisible.
 y - a +2 cloak (worn)
 H - a +2 pair of gloves (worn)
 L - a +5 plate armour of ponderousness (worn)
Jewellery
 b - a +6 ring of slaying (left hand)
 f - a +5 amulet of reflection (around neck)
 l - an uncursed ring of protection from fire
 u - an uncursed ring of protection from fire
 z - a +4 ring of protection (right hand)
 N - a +3 ring of intelligence {unknown}
Wands
 k - a wand of enslavement (18)
 p - a wand of digging (16)
 q - a wand of iceblast (25)
 s - a wand of paralysis (36)
 t - a wand of random effects (38)
 w - a wand of polymorph (37)
 B - a wand of acid (24)
 C - a wand of disintegration (18)
 D - a wand of flame (42)
Scrolls
 a - 10 scrolls of remove curse
 g - a scroll of blinking
 j - 2 scrolls of magic mapping
 o - 6 scrolls of teleportation
 A - 5 scrolls of fear
 F - 6 scrolls of identify
 G - 3 scrolls of fog
 K - 4 scrolls of enchant armour
Potions
 d - 2 potions of heal wounds
 e - 4 potions of might
 i - 8 potions of agility
 m - 5 potions of curing
 r - 5 potions of mutation
 E - 4 potions of haste
 I - a potion of ambrosia
 J - 3 potions of cancellation
Miscellaneous
 h - a phantom mirror
Comestibles
 c - 49 rations


   Skills:
 + Level 18.8 Fighting
 * Level 21.6 Axes
 + Level 18.7 Armour
 - Level 1.5 Dodging


You had 19 spell levels left.
You didn't know any spells.
Your spell library was empty.

Dungeon Overview and Level Annotations

Branches:
Dungeon (15/15)            Temple (0/1) D:7            Lair (6/6) D:9
 Shoals (4/4) Lair:2        Snake (4/4) Lair:4        Slime (0/5) Lair:5
    Orc (2/2) D:10            Elf (0/3) Orc:2        Vaults (0/5) D:14
 Depths (0/5) D:15

Altars:
Cheibriados
Elyvilon
Gozag
Hepliaklqana
Qazlal
Ru
Xom
Yredelemnul
Beogh
Jiyva

Shops:
D:4 [   D:7 :   D:11 =   D:14 %   D:15 (   Orc:2 ?:*(   Snake:1 *


Innate Abilities, Weirdness & Mutations

You are resistant to torment.
Your stone body is resilient. (AC +15)
You are immune to poison.
Your large and strong wings let you fly indefinitely.
You resist negative energy. (rN+)
You are resistant to electric shocks. (rElec)
You can survive without breathing.
You are immune to petrification.
You are immune to rotting.
You have a pair of small antennae on your head.
You possess an exceptional clarity of mind.
You are frail. (-10% HP)
You occasionally shout uncontrollably at your foes.
You are weak. (Str -2)


Message History

You slice the faun like a ripe choko!!! You burn the faun!
The faun is almost dead.
The satyr shoots a sling bullet.
The sling bullet hits you! You block the faun's attack.
You completely miss the faun.
The faun is almost dead.
The satyr shoots a sling bullet.
The sling bullet hits you!
* * * LOW HITPOINT WARNING * * *
You block the faun's attack.
You closely miss the faun.
The faun is almost dead.
You closely miss the faun.
The faun is almost dead.
The faun hits you with a spear of piercing!!
* * * LOW HITPOINT WARNING * * *
x2 The satyr shoots a sling bullet.
The sling bullet closely misses you.
You feel much better.
The faun hits you with a spear of piercing!
* * * LOW HITPOINT WARNING * * *
You die...

............≈≈.().≈........≈≈≈≈≈≈
................(.≈†..PP...≈≈≈≈≈≈
........≈≈......(..(.PP##P..P≈≈≈≈
.##..##..........(...PPP≈P..P≈≈≈≈
###.###.....≈......##P≈≈≈≈..P≈≈≈≈
)..((.###...≈=.....###...≈...*≈≈≈
#(((≈(###.≈≈≈.((....%...[..(≈≈≈≈≈
#)<((...).≈..)..(..#..$....#**≈≈≈
#()≈(≈≈≈)≈≈.....@..P.......P**≈≈≈
(..≈)≈≈≈≈≈≈....)c...P..P.PP.,,,≈≈
.≈≈≈≈≈)≈÷≈≈.........P..P##PP,*,,,
≈≈≈≈≈#P(PP≈.......c.....,,,,***,,
≈≈≈P≈##.PP..............,,,,****,
≈≈≈≈≈≈#?##P#............,,,,,,,,,
≈≈P≈P≈≈≈≈.P#.......PP...,,,,,,,,,
≈≈P.P.≈.≈≈,≈........P.##,,,,,,,,,
≈≈#≈≈≈≈).≈≈.#,,,≈≈**≈,,,,,,,,,,,,


You could see a satyr and a faun.

Vanquished Creatures
  Saint Roka (Snake:4)
  2 tentacled starspawn (Abyss:2)
  Agnes (Snake:3)
  A kraken (Shoals:1)
  11 nagarajas (Snake:4)
  Ilsuiw (Shoals:2)
  An orc warlord (Orc:2)
  A stone giant (Orc:2)
  6 dire elephants (Lair:6)
  A minotaur (Lab)
  3 merfolk javelineers
  The ghost of Inchmeat the Basher, a journeyman GnWn of Ashenzari (D:12)
  Josephine (D:11)
  10 merfolk impalers
  13 naga warriors
  6 hydras
  8 vault guards (D:14)
  A catoblepas (Lair:3)
  A rakshasa (D:15)
  4 centaur warriors
  19 anacondas
  A death knight (D:10)
  The ghost of rhinious the Geomancer, a journeyman GrEE of Vehumet (Lair:2)
  A satyr (shapeshifter) (D:15)
  18 two-headed ogres
  8 death yaks
  A two-headed ogre (shapeshifter) (D:15)
  5 merfolk avatars
  6 merfolk aquamancers
  2 ogre magi (D:15)
  5 orc high priests (Orc:2)
  A tengu warrior (D:15)
  14 naga sharpshooters
  Sonja (Lair:5)
  8 shock serpents
  Urug (Lair:2)
  A thrashing horror (Abyss:2)
  3 wretched stars (Abyss:2)
  A spatial maelstrom (Abyss:2)
  5 salamander mystics
  A fire crab (shapeshifter) (D:14)
  10 sea snakes
  3 unseen horrors
  2 glowing orange brains
  13 naga ritualists
  5 orc knights (Orc:2)
  A wizard (D:10)
  7 harpies (Shoals:1)
  11 mana vipers
  13 ugly things
  5 oklob plants
  8 salamanders
  12 manticores
  4 orc sorcerers (Orc:2)
  A deep elf mage (D:12)
  5 large abominations (Abyss:2)
  2 cyclopes
  23 fauns
  An apocalypse crab (Abyss:2)
  8 merfolk sirens
  4 elephants (Lair:6)
  10 guardian serpents
  Joseph (D:7)
  40 black mambas
  18 naga magi
  4 water nymphs
  Psyche (D:8)
  A torpor snail (shapeshifter) (D:13)
  3 torpor snails
  15 spiny frogs
  5 kobold demonologists (D:12)
  A freezing wraith (D:15)
  10 komodo dragons
  2 tengu conjurers (D:15)
  3 rime drakes
  2 hellwings (Abyss:2)
  An ancient zyme (Abyss:2)
  An efreet (Abyss:2)
  36 merfolk
  5 polar bears
  10 trolls
  2 wind drakes
  22 blink frogs
  16 slime creatures
  10 snapping turtles
  4 dream sheep (Shoals:3)
  5 wraiths
  A vampire (D:14)
  A meliai zombie (D:14)
  3 shadows
  11 hippogriffs
  7 water elementals
  54 yaks
  Grum (Lair:1)
  3 basilisks
  3 wyverns
  2 chaos spawn (Abyss:2)
  8 vampire mosquitoes
  A neqoxec (Abyss:2)
  3 wargs
  54 nagas
  An acid dragon (D:12)
  Menkaure (D:6)
  21 water moccasins
  A hell hound (Abyss:2)
  5 small abominations (Abyss:2)
  7 porcupines
  5 phantoms
  5 sky beasts
  2 eyes of draining
  42 orc warriors
  11 ice beasts
  15 ogres
  14 starcursed masses (Abyss:2)
  11 centaurs
  A necrophage (D:9)
  15 wolves
  11 big kobolds
  11 crocodiles
  A gnoll sergeant (D:8)
  Blork the orc (D:4)
  18 bullfrogs
  A wyvern skeleton (D:15)
  2 scorpions
  7 killer bees
  8 wights
  An electric eel (D:15)
  3 howler monkeys
  3 crimson imps
  2 quasits
  2 bullfrog zombies
  3 centaur zombies
  5 hounds
  4 jellies
  33 orc priests
  2 gnoll shamans
  2 bullfrog skeletons
  18 orc wizards
  5 centaur skeletons
  4 iguanas
  9 worker ants
  A hound zombie (D:10)
  2 mummies (Ossuary)
  12 gnolls
  13 adders
  2 shadow imps
  A white imp (Abyss:2)
  An ufetubus (Abyss:2)
  2 adder zombies (Ossuary)
  2 adder skeletons
  8 leopard geckos
  97 orcs
  3 bats
  6 giant cockroaches
  5 hobgoblins
  18 jackals
  4 quokkas
  3 ball pythons
  6 frilled lizards
  5 goblins
  5 goblin zombies
  5 hobgoblin zombies (Ossuary)
  2 jackal zombies (Ossuary)
  25 kobolds
  11 kobold zombies (Ossuary)
  2 leopard gecko skeletons
  8 orc zombies (Ossuary)
  A quokka zombie (D:9)
  13 rats
  4 rat zombies
  A butterfly (D:7)
  3 fungi
  22 plants
  2 starspawn tentacles (Abyss:2)
  3 tentacles (Shoals:1)
1306 creatures vanquished.

Vanquished Creatures (others)
  A manticore (Shoals:4)
  A naga mage (Snake:4)
  A naga (Snake:4)
  A centaur (Shoals:3)
  19 fungi
  77 plants
  3 starspawn tentacles (Abyss:2)
  A tentacle (Shoals:1)
104 creatures vanquished.

Grand Total: 1410 creatures vanquished

Notes
Turn   | Place    | Note
-------+----------+-------------------------------------------
     0 | D:1      | sanboga the Gargoyle Berserker began the quest for the Orb.
     0 | D:1      | Reached XP level 1. HP: 14/14 MP: 1/1
   198 | D:1      | Reached XP level 2. HP: 19/19 MP: 2/2
   215 | D:1      | Reached skill level 3 in Axes
   439 | D:1      | Reached ** piety under Trog
   682 | D:1      | Reached XP level 3. HP: 21/23 MP: 3/3
  1092 | D:2      | Reached XP level 4. HP: 19/29 MP: 4/4
  1779 | D:3      | Reached skill level 4 in Axes
  1942 | D:3      | Reached XP level 5. HP: 33/33 MP: 5/5
  2038 | D:3      | Found a shimmering altar of Xom.
  2044 | D:3      | Found a shimmering altar of Xom.
  2044 | D:3      | Found a shimmering altar of Xom.
  2162 | D:3      | Found a shimmering altar of Xom.
  2162 | D:3      | Found a shimmering altar of Xom.
  2216 | D:3      | Reached *** piety under Trog
  2527 | D:4      | Reached XP level 6. HP: 39/39 MP: 6/6
  2589 | D:4      | Noticed Blork the orc
  2595 | D:4      | Killed Blork the orc
  2599 | D:4      | Reached skill level 5 in Axes
  3001 | D:4      | Reached skill level 5 in Fighting
  3085 | D:4      | Found Soshois's Antique Armour Shoppe.
  3206 | D:5      | Entered Level 5 of the Dungeon
  3209 | D:5      | Reached XP level 7. HP: 36/44 MP: 7/7
  3659 | D:5      | Reached skill level 6 in Axes
  3763 | D:5      | Reached skill level 5 in Armour
  4055 | D:6      | Reached **** piety under Trog
  4060 | D:6      | Reached XP level 8. HP: 51/51 MP: 8/8
  4199 | D:6      | Noticed Menkaure
  4211 | D:6      | Killed Menkaure
  4211 | D:6      | Reached skill level 7 in Axes
  4881 | D:7      | Reached XP level 9. HP: 56/56 MP: 0/9
  4887 | D:7      | Reached skill level 8 in Axes
  5028 | D:7      | Found a sand-covered staircase.
  5035 | Ossuary  | Entered an ossuary
  5097 | Ossuary  | Reached ***** piety under Trog
  5226 | D:7      | Received a gift from Trog
  5606 | D:7      | Found a staircase to the Ecumenical Temple.
  5635 | D:7      | Noticed Joseph
  5649 | D:7      | Killed Joseph
  5716 | D:7      | Found Muxial's Book Shoppe.
  5950 | D:7      | Found a roughly hewn altar of Beogh.
  6133 | D:8      | Reached skill level 9 in Axes
  6145 | D:8      | Reached XP level 10. HP: 11/64 MP: 10/10
  6195 | D:8      | Noticed Psyche
  6209 | D:8      | Killed Psyche
  6503 | D:4      | Bought a jade-encrusted chain mail for 266 gold pieces
  6513 | D:4      | Identified the +7 chain mail of Jycel {+Blink Int+7} (You
                  | bought it in a shop on level 4 of the Dungeon)
  6763 | D:8      | Found a hazy altar of Hepliaklqana.
  6765 | D:8      | Noticed a two-headed ogre
  6773 | D:8      | Killed a two-headed ogre
  6773 | D:8      | Reached skill level 10 in Axes
  7155 | D:8      | Found a stormy altar of Qazlal.
  7799 | D:9      | Found a staircase to the Lair.
  7937 | D:10     | Entered Level 10 of the Dungeon
  8162 | D:10     | Reached XP level 11. HP: 67/71 MP: 7/11
  8225 | D:10     | Reached skill level 11 in Axes
  8360 | D:10     | Found a staircase to the Orcish Mines.
  8411 | D:10     | Reached skill level 10 in Fighting
  8437 | D:10     | Received a gift from Trog
  8671 | D:10     | Noticed a two-headed ogre
  8683 | D:10     | Killed a two-headed ogre
  8787 | D:10     | Noticed a death knight
  8795 | D:10     | Killed a death knight
  8839 | D:10     | Noticed a centaur warrior
  8841 | D:10     | Noticed a manticore
  8845 | D:10     | Killed a centaur warrior
  8845 | D:10     | Reached skill level 10 in Armour
  8849 | D:10     | Killed a manticore
  8850 | D:10     | Noticed a wizard
  8857 | D:10     | Killed a wizard
  8857 | D:10     | Reached skill level 12 in Axes
  9099 | D:11     | Found a labyrinth entrance.
  9099 | D:11     | Noticed Josephine
  9107 | Lab      | Entered a labyrinth
  9903 | Lab      | Noticed a minotaur
  9914 | Lab      | Killed a minotaur
  9917 | Lab      | Found the +3 crown of Dyrovepreva {rElec Int+2 SInv}
 10008 | D:11     | Killed Josephine
 10008 | D:11     | Reached XP level 12. HP: 79/79 MP: 12/12
 10244 | D:11     | Found Okashuul's Jewellery Emporium.
 10337 | D:12     | Found a runed gate.
 10338 | D:12     | Noticed Inchmeat's ghost (journeyman GnWn)
 10339 | D:12     | Found a runed gate.
 10339 | D:12     | Found a runed gate.
 10405 | D:12     | Reached ****** piety under Trog
 10405 | D:12     | Paralysed by a big kobold for 4 turns
 10414 | D:12     | Reached skill level 13 in Axes
 10420 | D:12     | Received a gift from Trog
 10612 | D:12     | Cast into level 2 of the Abyss (big kobold)
 10642 | Abyss:2  | Found a corrupted altar of Lugonu.
 10667 | D:12     | Escaped the Abyss
 10884 | D:12     | Killed Inchmeat's ghost
 11428 | D:12     | Reached XP level 13. HP: 84/86 MP: 13/13
 11602 | Lair:1   | Entered Level 1 of the Lair of Beasts
 11653 | Lair:1   | Noticed Grum
 11673 | Lair:1   | Killed Grum
 11675 | Lair:1   | Reached skill level 14 in Axes
 11957 | Lair:1   | Received a gift from Trog
 12844 | Lair:2   | Found a large runed door.
 12845 | Lair:2   | Found a large runed door.
 12847 | Lair:2   | Noticed rhinious's ghost (journeyman GrEE)
 12870 | Lair:2   | Killed rhinious's ghost
 13174 | Lair:2   | Found a hazy altar of Hepliaklqana.
 13209 | Lair:2   | Found a staircase to the Shoals.
 13210 | Lair:2   | Noticed Urug
 13225 | Lair:2   | Killed Urug
 13391 | Lair:3   | Reached skill level 15 in Axes
 13394 | Lair:3   | Gained mutation: Your large and strong wings let you fly
                  | indefinitely. [Gargoyle growth]
 13394 | Lair:3   | Reached XP level 14. HP: 29/94 MP: 14/14
 14006 | Lair:3   | Found a snail-covered altar of Cheibriados.
 14343 | Lair:4   | Received a gift from Trog
 14367 | Lair:4   | Found a staircase to the Snake Pit.
 15265 | Lair:5   | Noticed Sonja
 15285 | Lair:5   | Cast into level 2 of the Abyss (Sonja)
 15296 | Abyss:2  | Gained mutation: Armour fits poorly on your strangely
                  | shaped body. [a neqoxec]
 15313 | Abyss:2  | Lost mutation: Armour fits poorly on your strangely shaped
                  | body. [potion of mutation]
 15313 | Abyss:2  | Gained mutation: You do not regenerate when monsters are
                  | visible. [potion of mutation]
 15313 | Abyss:2  | Gained mutation: You can translocate small distances at
                  | will. [potion of mutation]
 15314 | Abyss:2  | Lost mutation: You do not regenerate when monsters are
                  | visible. [potion of mutation]
 15314 | Abyss:2  | Gained mutation: You are weak. (Str -2) [potion of
                  | mutation]
 15314 | Abyss:2  | Gained mutation: Your mind is acute. (Int +2) [potion of
                  | mutation]
 15314 | Abyss:2  | Gained mutation: You are frail. (-10% HP) [potion of
                  | mutation]
 15314 | Abyss:2  | Gained mutation: You have a pair of small antennae on your
                  | head. [potion of mutation]
 15315 | Abyss:2  | Lost mutation: You can translocate small distances at will.
                  | [potion of mutation]
 15315 | Abyss:2  | Lost mutation: Your mind is acute. (Int +2) [potion of
                  | mutation]
 15315 | Abyss:2  | Lost mutation: You are frail. (-10% HP) [potion of
                  | mutation]
 15315 | Abyss:2  | Lost mutation: You are weak. (Str -2) [potion of mutation]
 15315 | Abyss:2  | Gained mutation: You are weak. (Str -2) [potion of
                  | mutation]
 15315 | Abyss:2  | Gained mutation: You are frail. (-10% HP) [potion of
                  | mutation]
 15315 | Abyss:2  | Gained mutation: You occasionally shout uncontrollably at
                  | your foes. [potion of mutation]
 15315 | Abyss:2  | Gained mutation: You possess an exceptional clarity of
                  | mind. [potion of mutation]
 15418 | Abyss:2  | Noticed a starcursed mass
 15428 | Abyss:2  | Paralysed by accursed screaming for 1 turns
 15472 | Abyss:2  | Noticed a starcursed mass
 15694 | Abyss:2  | Noticed a starcursed mass
 15700 | Abyss:2  | Paralysed by accursed screaming for 1 turns
 15751 | Abyss:2  | Reached skill level 16 in Axes
 15778 | Abyss:2  | Noticed a tentacled starspawn
 15782 | Abyss:2  | Noticed a tentacled starspawn
 15788 | Abyss:2  | Killed a tentacled starspawn
 15793 | Abyss:2  | Killed a tentacled starspawn
 15904 | Lair:5   | Escaped the Abyss
 15910 | Lair:5   | Killed Sonja
 15910 | Lair:5   | Received a gift from Trog
 15910 | Lair:5   | Reached XP level 15. HP: 59/90 MP: 15/15
 16055 | Lair:5   | Found a staircase to the Slime Pits.
 16056 | Lair:5   | Found a viscous altar of Jiyva.
 16384 | Lair:6   | Entered Level 6 of the Lair of Beasts
 17522 | Lair:6   | Reached skill level 17 in Axes
 18222 | Orc:1    | Entered Level 1 of the Orcish Mines
 18319 | Orc:2    | Entered Level 2 of the Orcish Mines
 18418 | Orc:2    | Reached skill level 15 in Fighting
 18489 | Orc:1    | Received a gift from Trog
 19236 | Orc:2    | Found a staircase to the Elven Halls.
 19306 | Orc:2    | Reached skill level 15 in Armour
 19361 | Orc:2    | Noticed an orc warlord
 19399 | Orc:2    | Killed an orc warlord
 19399 | Orc:2    | Reached XP level 16. HP: 97/97 MP: 16/16
 19483 | Orc:2    | Found a roughly hewn altar of Beogh.
 19741 | Orc:2    | Found Jujyud's Weapon Boutique.
 19840 | Orc:2    | Found Xunokk Cewo's Assorted Antiques.
 19847 | Orc:2    | Received a gift from Trog
 20295 | Orc:2    | Found Gire's Magic Scroll Boutique.
 20309 | Orc:2    | Bought a scroll of brand weapon for 360 gold pieces
 20552 | Orc:2    | Found a roughly hewn altar of Beogh.
 20902 | Orc:2    | Paralysed by an orc sorcerer for 7 turns
 21096 | Orc:2    | Found Beavvol's Book Shop.
 21689 | D:13     | Received a gift from Trog
 22197 | D:14     | Reached skill level 18 in Axes
 22869 | D:14     | Found a gate to the Vaults.
 22931 | D:14     | Found Mirghoq's Food Shop.
 23054 | D:15     | Entered Level 15 of the Dungeon
 23213 | D:15     | Received a gift from Trog
 23542 | D:15     | Reached XP level 17. HP: 99/103 MP: 17/17
 23557 | D:15     | Found a staircase to the Depths.
 23618 | D:15     | Found a sacrificial altar of Ru.
 23700 | D:15     | Found Miepp's Antique Weapon Emporium.
 23947 | Snake:1  | Entered Level 1 of the Snake Pit
 24149 | Snake:1  | Found Ygih Qoxt's Assorted Antiques.
 24178 | Snake:1  | Found an opulent altar of Gozag.
 24258 | Snake:1  | Received a gift from Trog
 24302 | Snake:1  | Reached skill level 19 in Axes
 24563 | Snake:2  | Found a basalt altar of Yredelemnul.
 24759 | Snake:2  | Found a runed gate.
 24759 | Snake:2  | Found a runed gate.
 24759 | Snake:2  | Found a runed gate.
 25475 | Snake:3  | Noticed Agnes
 25482 | Snake:3  | Killed Agnes
 25634 | Snake:3  | Received a gift from Trog
 25634 | Snake:3  | Reached XP level 18. HP: 78/110 MP: 18/18
 25858 | Snake:4  | Entered Level 4 of the Snake Pit
 25881 | Snake:4  | Noticed Saint Roka
 26191 | Snake:4  | Killed Saint Roka
 26409 | Snake:4  | Reached skill level 20 in Axes
 26420 | Snake:4  | Received a gift from Trog
 27277 | Snake:4  | Received a gift from Trog
 27525 | Snake:4  | Reached XP level 19. HP: 91/117 MP: 19/19
 27751 | Snake:4  | Got a serpentine rune of Zot
 28056 | Shoals:1 | Entered Level 1 of the Shoals
 28317 | Shoals:1 | Received a gift from Trog
 28984 | Shoals:1 | Reached skill level 21 in Axes
 29848 | Shoals:2 | Noticed Ilsuiw
 29863 | Shoals:2 | Killed Ilsuiw
 29923 | Shoals:2 | Received a gift from Trog
 30737 | Shoals:3 | Found a white marble altar of Elyvilon.
 31147 | Shoals:4 | Entered Level 4 of the Shoals
 31165 | Shoals:4 | Received a gift from Trog
 31317 | Shoals:4 | Reached XP level 20. HP: 106/123 MP: 20/20
 31546 | Shoals:4 | HP: 2/123 [merfolk impaler/trident of distortion (14)]
 31636 | Shoals:4 | HP: 4/123 [faun/spear of piercing (22)]
 31636 | Shoals:4 | HP: 1/123 [faun/spear of piercing (3)]
 31637 | Shoals:4 | Slain by a faun

Skill      XL: |  1  2  3  4  5  6  7  8  9 10 11 12 13 14 15 16 17 18 19 |
---------------+----------------------------------------------------------+-----
Axes           | 3 4 5 6 7 9 10 12 13 15 16 17 18 19 20 21 | 21.6
Armour         | 3 4 5 6 7 9 10 11 12 14 15 16 17 18 | 18.7
Fighting       | 4 5 6 8 9 10 12 13 14 15 16 17 18 | 18.8
Dodging        | |  1.5

Action                   |  1- 3 |  4- 6 |  7- 9 | 10-12 | 13-15 | 16-18 | 19-21 || total
-------------------------+-------+-------+-------+-------+-------+-------+-------++-------
Melee: Hand axe          |   137 |   116 |       |       |       |       |       ||   253
       War axe           |       |    29 |   296 |   372 |       |       |       ||   697
       Broad axe         |       |       |       |   185 |    69 |       |       ||   254
       Battleaxe         |       |       |       |       |   696 |   127 |       ||   823
       Executioner's axe |       |       |       |       |       |   779 |   444 ||  1223
Invok: Berserk           |       |       |       |     6 |     6 |     2 |     1 ||    15
       Trog's Hand       |       |       |       |       |     4 |       |       ||     4
 Abil: Fly               |       |       |       |       |     1 |       |       ||     1
Evoke: Wand              |       |       |       |     1 |     2 |       |    10 ||    13
  Use: Scroll            |     4 |     4 |     7 |    14 |    10 |     4 |     5 ||    48
       Potion            |       |       |       |     6 |     4 |     2 |     6 ||    18
 Stab: Paralysed         |       |       |       |     1 |     1 |       |       ||     2
       Invisible         |       |       |       |       |     1 |       |       ||     1
       Petrifying        |       |       |       |       |     1 |       |       ||     1
       Petrified         |       |       |       |       |     1 |       |       ||     1
       Distracted        |       |       |       |       |       |     1 |       ||     1
  Eat: Chunk             |     1 |     7 |     6 |    18 |    20 |    29 |    12 ||    93
       Ration            |       |       |     1 |     1 |     4 |       |     1 ||     7
Armor: Animal skin       |    48 |       |       |       |       |       |       ||    48
       Plate armour      |       |    91 |   206 |    22 |       |   245 |   619 ||  1183
       Chain mail        |       |       |       |   408 |   548 |   565 |       ||  1521
Dodge: Dodged            |    99 |    42 |   100 |   247 |   268 |   352 |   258 ||  1366
Block: Other             |       |       |       |    40 |   140 |   213 |   158 ||   551
       Reflection        |       |       |       |       |     3 |    15 |    31 ||    49
